Map: Goldenaura LE

Players

TheHuangDi - Winner!

  • Race: Zerg Zerg
  • League: Diamond
  • Spawn Location: 5:00

SubN

  • Race: Zerg Zerg
  • League: Diamond
  • Spawn Location: 12:00

VOD

Have the link to the VOD?

Description

Time

  • Played on: Dec. 25, 2023, 1:34 a.m.
  • Length: 3:57
Show
View Real Time Build Order
Export as new Build Order

TheHuangDi Zerg - Winner!

Build Orders: Hatch First 

Get SALT Encoding   

  12  0:06  Drone  
  13  0:09  Drone  
  14  0:19  Extractor  
  14  0:20  Extractor  
  12  0:22  Drone x2  
  16  0:43  Hatchery  
  15  0:58  Spawning Pool  
  15  1:00  Extractor  
  13  1:06  Overlord  
  13  1:11  Drone  
  14  1:25  Drone x2  
  16  1:32  Drone  
  17  1:45  Queen  
  19  1:52  Zergling x2  
  20  1:54  Queen  
  22  2:01  Metabolic Boost  
  22  2:05  Zergling x2  
  22  2:07  Zergling x2  
  24  2:14  Overlord  
  24  2:36  Zergling x2  
  26  2:37  Zergling x10  
  30  2:53  Overlord  
  28  3:12  Zergling x2  
  28  3:13  Zergling x8  
  32  3:23  Zergling x8  
  28  3:36  Zergling x2  
  28  3:37  Zergling x6  
Show
View Real Time Build Order
Export as new Build Order

SubN Zerg 

Build Orders: Pool First 

Get SALT Encoding   

  12  0:00  Drone  
  13  0:07  Drone  
  13  0:13  Extractor  
  13  0:29  Spawning Pool  
  12  1:02  Hatchery  
  11  1:16  Queen  
  13  1:26  Overlord  
  13  1:36  Metabolic Boost  
  13  1:42  Zergling x2  
  13  1:47  Zergling x2  
  15  1:51  Zergling x2  
  16  1:57  Zergling x2  
  17  2:05  Zergling x2  
  18  2:14  Queen  
  20  2:21  Zergling x2  
  21  2:24  Zergling x2  
  22  2:44  Zergling x6  
  22  2:45  Zergling x2  
  26  2:52  Overlord  
  26  3:01  Overlord  
  24  3:13  Overlord  
  24  3:20  Zergling x4  
  20  3:35  Zergling x6  
Tags
 
Add a new tag
Caveats
  • Supply blocks, unpowered buildings, or Contaminate may cause inaccurate times.
  • Supply counts are checked every 10 seconds.